 Dungeon Crawl Stone Soup version 0.27-a0-695-gb4952372f7 (webtiles) character file.

Game seed: 1422074362796222774

62 Gaff the Vandal (level 4, 0/29 HPs)
             Began as a Halfling Hunter on Mar 22, 2021.
             Slain by a hobgoblin
             ... wielding a +0 club
             ... led by Robin
              (5 damage)
             ... on level 1 of the Dungeon.
             The game lasted 00:06:27 (2370 turns).

Gaff the Vandal (Halfling Hunter)                   Turns: 2370, Time: 00:06:28

Health: 0/29       AC:  3    Str: 14    XL:     4   Next: 28%
Magic:  4/4        EV: 14    Int:  9    God:
Gold:   34         SH:  0    Dex: 14    Spells: 3/3 levels left

rFire    . . .     SeeInvis .   b - +0 short sword
rCold    . . .     Faith    .   (shield restricted)
rNeg     . . .     Spirit   .   c - +0 leather armour
rPois    .         Reflect  .   (no helmet)
rElec    .         Harm     .   (no cloak)
rCorr    .         Rampage  .   (no gloves)
Will     .....                  (no boots)
Stlth    ++........             (no amulet)
HPRegen  0.09/turn              (no ring)
MPRegen  0.09/turn              (no ring)

@: no status effects
A: small, no large weapons, mutation resistance 1
a: no special abilities


You were on level 1 of the Dungeon.
You visited 1 branch of the dungeon, and saw 2 of its levels.

You collected 34 gold pieces.

Inventory:

Hand Weapons
 a - a +1 hunting sling
 b - a +0 short sword (weapon)
 i - a +1 dagger of speed
Missiles
 d - 18 sling bullets
 l - 2 curare-tipped darts (quivered)
Armour
 c - a +0 leather armour (worn)
Scrolls
 e - a scroll of magic mapping {unknown}
 f - 3 scrolls of identify {unknown}
 k - a scroll of fog {unknown}
Potions
 g - a potion of curing
 h - a potion of ambrosia {unknown}
 j - a potion of attraction {unknown}


   Skills:
 - Level 1.7 Fighting
 * Level 7.4 Slings
 - Level 2.1 Dodging
 + Level 2.6 Stealth


You had 3 spell levels left.
You didn't know any spells.
Your spell library was empty.

Dungeon Overview and Level Annotations

Branches:
Dungeon (2/15)

Altars:
Dithmenos

Annotations:
D:2 Robin


Innate Abilities, Weirdness & Mutations

You are small and have problems with some larger weapons.
You are somewhat resistant to further mutation.


Message History

You hit the goblin but do no damage. The goblin misses you.
You closely miss the goblin. The goblin hits you but does no damage.
You closely miss the goblin. The goblin misses you.
Robin throws the goblin at you! The goblin hits you but does no damage.
Robin hits you from afar with a +0 spear!
The hobgoblin closely misses you.
You climb upwards.
There is a stone staircase leading down here.
You hit the hobgoblin but do no damage. The goblin hits you but does no damage.
The hobgoblin closely misses you.
You hit the hobgoblin.
The hobgoblin is lightly wounded.
The goblin hits you. The hobgoblin hits you with a +0 club.
* * * LOW HITPOINT WARNING * * *
You hit the hobgoblin.
The hobgoblin is severely wounded.
The goblin hits you.
* * * LOW HITPOINT WARNING * * *
The hobgoblin closely misses you. The goblin closely misses you.
You closely miss the hobgoblin.
The hobgoblin is severely wounded.
The hobgoblin hits you with a +0 club.
* * * LOW HITPOINT WARNING * * *
The goblin closely misses you.
You closely miss the hobgoblin.
The hobgoblin is severely wounded.
The hobgoblin hits you with a +0 club.
* * * LOW HITPOINT WARNING * * *
The goblin barely misses you.
You closely miss the hobgoblin.
The hobgoblin is severely wounded.
The hobgoblin misses you. The goblin hits you but does no damage.
You barely miss the hobgoblin.
The hobgoblin is severely wounded.
The hobgoblin closely misses you. The goblin completely misses you.
You hit the hobgoblin.
The hobgoblin is almost dead.
The hobgoblin hits you with a +0 club.
You die...

#.#####..##.##...###..#########
#.#...........................#
#.#.........###..####.#########
#.#....................#
..#..............####..##########
.................# #...........#
.................# #..########.#
..[..##.###.....g####..## #.#
#######.#.#.....@#......# #.#
#######.#.#.##.#g#......# #.#
........#†#.............### #.#
#######.#....#.#.#......#.# #.#
###.#.#.##.#.#......#.#####.#
#.......##.#.#..............#
#####.####.#.#......#.#######
#........####.....## #.####.###
#.....).#


You could see a hobgoblin and a goblin.

Vanquished Creatures
  An adder (D:2)
  An ooze (D:1)
  2 worms (D:2)
  A leopard gecko (D:1)
  3 giant cockroaches (D:1)
  7 goblins
  6 hobgoblins
  7 jackals (D:1)
  2 kobolds
  2 quokkas (D:1)
  3 bats (D:1)
  A frilled lizard (D:1)
  A rat (D:1)
37 creatures vanquished.

Notes
Turn   | Place    | Note
-------+----------+-------------------------------------------
     0 | D:1      | Gaff the Halfling Hunter began the quest for the Orb.
     0 | D:1      | Reached XP level 1. HP: 14/14 MP: 1/1
   261 | D:1      | Reached skill level 6 in Slings
   454 | D:1      | Reached XP level 2. HP: 19/19 MP: 2/2
   879 | D:1      | Reached XP level 3. HP: 16/24 MP: 3/3
  1769 | D:1      | Reached skill level 7 in Slings
  1927 | D:2      | Found a shadowy altar of Dithmenos.
  1959 | D:2      | Reached XP level 4. HP: 14/29 MP: 4/4
  2338 | D:2      | Noticed Robin
  2370 | D:1      | Slain by a hobgoblin

Illustrated notes

Levels and vault maps discovered:
D:1:      shiori_arrival_elements, layout_basic
D:2:      layout_basic, elyvilon_altar_5, lemuel_crystal_altar,
          nicolae_dithmenos_through_a_glass_darkly, uniq_robin

Skill      XL: |  1  2  3 |
---------------+----------+-----
Slings         | 6 7 |  7.4
Stealth        | 2 |  2.6
Fighting       | |  1.7
Dodging        | |  2.1

Action                   |  1- 3 |  4- 6 || total
-------------------------+-------+-------++-------
Melee: Short sword       |   110 |    32 ||   142
       Dagger            |    41 |       ||    41
 Fire: Hunting sling     |     4 |     4 ||     8
  Use: Potion            |     1 |       ||     1
 Stab: Sleeping          |     2 |       ||     2
Armor: Leather armour    |    29 |     6 ||    35
Dodge: Dodged            |   127 |    20 ||   147

Table legend: (Time is in decaauts)
 A = Elapsed time spent in this place.
 B = Non-inter-level travel time spent in this place.
 C = Inter-level travel time spent in this place.
 D = Time resting spent in this place.
 E = Time spent auto-exploring this place.
 F = Levels seen in this place.
 G = Mean time per level.
                   A        B        C        D        E       F      G
               +--------+--------+--------+--------+--------+-----+--------+
         Total |   2367 |   2310 |     57 |   1188 |    560 |   2 | 1183.5 |
       Dungeon |   2367 |   2310 |     57 |   1188 |    560 |   2 | 1183.5 |
               +--------+--------+--------+--------+--------+-----+--------+

Top non-repeatable levels by time:
     D:1: 1873 daAuts
     D:2: 494 daAuts
